 Dungeon Crawl Stone Soup version 0.30-a0-1008-g30c9307041 (webtiles) character file.

Game seed: 15745774739574772666

28 Demosthentine the Ducker (level 3, -2/28 HPs)
             Began as a Demonspawn Gladiator on Apr 5, 2023.
             Slain by Robin
             ... wielding a +0 whip
              (6 damage)
             ... on level 2 of the Dungeon.
             The game lasted 00:01:06 (1190 turns).

Demosthentine the Ducker (Demonspawn Gladiator)     Turns: 1190, Time: 00:01:07

Health: -2/28      AC:  4    Str: 16    XL:     3   Next: 0%
Magic:  3/3        EV: 17    Int:  9    God:
Gold:   93         SH:  0    Dex: 14    Spells: 2/2 levels left

rFire   . . .      SeeInvis .    a - +1 trident
rCold   . . .      Faith    .    (no shield)
rNeg    . . .      Spirit   .    b - +0 leather armour
rPois   .          Reflect  .    c - +0 helmet
rElec   .          Rampage  .    (no cloak)
rCorr   .                        (no gloves)
Will    .....                    (no boots)
Stlth   +                        (no amulet)
HPRegen 0.24/turn                j - +5 ring of evasion
MPRegen 0.08/turn                (no ring)

@: no status effects
A: claws 1, demonic magic 1
a: no special abilities


You were on level 2 of the Dungeon.
You visited 1 branch of the dungeon, and saw 2 of its levels.

You collected 93 gold pieces.

Inventory:

Hand Weapons
 a - a +1 trident (weapon)
Missiles
 d - 3 throwing nets (quivered)
 e - a javelin
Armour
 b - a +0 leather armour (worn)
 c - a +0 helmet (worn)
Jewellery
 h - an amulet of faith
 j - a +5 ring of evasion (left claw)
Scrolls
 i - a scroll of magic mapping
Potions
 f - a potion of haste {unknown}
 g - a potion of lignification {unknown}
 k - a potion of mutation {unknown}
 l - a potion of ambrosia {unknown}
 m - a potion of curing {unknown}


   Skills:
 + Level 2.4 Fighting
 + Level 3.0 Polearms
 - Level 1.7 Throwing
 + Level 1.0 Armour
 + Level 3.0 Dodging


You had 2 spell levels left.
You didn't know any spells.
Your spell library contained the following spells:

 Spells                   Type           Power      Damage    Failure   Level
 Necrotise                Necr           0%         1d4       45%         1
 Ozocubu's Armour         Ice            0%         N/A       83%         3
 Vampiric Draining        Necr           0%         2d6       83%         3
 Agony                    Necr           0%         N/A       100%        5
 Ozocubu's Refrigeration  Ice            0%         4d7       100%        7


Dungeon Overview and Level Annotations

Branches:
Dungeon (2/15)

Altars:

Annotations:
D:1 2 transporters
D:2 Robin


Innate Abilities, Weirdness & Mutations

You have sharp fingernails.
Spells you cast may paralyse adjacent enemies.


Message History

The goblin misses you. The goblin barely misses you.
You hit the goblin.
You kill the goblin!
The goblin completely misses you.
You closely miss the goblin.
The goblin is moderately wounded.
The goblin barely misses you.
You closely miss the goblin.
The goblin is moderately wounded.
Robin throws the goblin at you! The goblin misses you.
The goblin barely misses you. x2
You puncture the goblin!
You kill the goblin!
The goblin hits you with a +0 club.
Your Armour skill increases to level 1!
You have reached level 3!
Your experience leads to an increase in your attributes!
Increase (S)trength, (I)ntelligence, or (D)exterity?
You feel stronger. x2; Your demonic ancestry asserts itself...
Your fingernails lengthen.
You completely miss Robin. The goblin hits you with a +0 club.
* * * LOW HITPOINT WARNING * * *
Robin hits you but does no damage.
You hit Robin.
Robin is lightly wounded.
The goblin hits you but does no damage. Robin barely misses you.
You hit Robin.
Robin is lightly wounded.
The goblin hits you with a +0 club.
* * * LOW HITPOINT WARNING * * *
Robin barely misses you.
You closely miss Robin.
Robin is lightly wounded.
The goblin barely misses you. Robin closely misses you.
Unknown command.
Okay, then.
You hit Robin but do no damage.
Robin is lightly wounded.
The goblin hits you but does no damage. Robin hits you with a +0 whip.
You die...

##########
#.........
#########.########
#.......#.# #.....
#.#####.#.# #.....
g #.# #.#.# #.....
.: #.# #.#.#
#..... ... #g#
#.#.# #..... ...g
#@# #.#.# #.....
...gg## #g# #.#.#
####.#
..>gg.g####.#
#.#.######.#
#gg..#.##
#.#.........
####....#
#..........#
###..#
######......
....... #######
###..#### ....


You could see Robin and a goblin (strong).

Vanquished Creatures
  A dart slug (D:1)
  2 bats
  2 endoplasms (D:1)
  11 goblins
  A hobgoblin (D:2)
  2 kobolds
  A ball python (D:1)
  A frilled lizard (D:1)
  2 rats (D:1)
23 creatures vanquished.

Notes
Turn   | Place    | Note
-------+----------+-------------------------------------------
     0 | D:1      | Demosthentine the Demonspawn Gladiator began the quest for
                  | the Orb.
     0 | D:1      | Reached XP level 1. HP: 16/16 MP: 1/1
   227 | D:1      | Gained mutation: Spells you cast may paralyse adjacent
                  | enemies. [demonic ancestry]
   227 | D:1      | Reached XP level 2. HP: 22/22 MP: 2/2
  1029 | D:2      | Found a faded altar of an unknown god.
  1154 | D:2      | Noticed Robin
  1186 | D:2      | Reached skill level 1 in Armour
  1186 | D:2      | Gained mutation: You have sharp fingernails. [demonic
                  | ancestry]
  1186 | D:2      | Reached XP level 3. HP: 13/28 MP: 3/3
  1190 | D:2      | Slain by Robin

Illustrated notes

Levels and vault maps discovered:
D:1:      spicycebolla_arrival_transporter_tutorial, layout_basic
D:2:      layout_basic, shapermc_ecumenical_altar_mp_urbaneastern,
          uniq_crazy_yiuf_cottage, uniq_robin

Skill      XL: |  1  2 |
---------------+-------+-----
Dodging        | 3 |  3.0
Polearms       | 3 |  3.0
Armour         | 1 |  1.0
Fighting       | |  2.4
Throwing       | |  1.7

Action                     || total
---------------------------++-------
  Melee: Trident           ||    62
         Punch             ||     1
    Use: Scroll            ||     4
   Stab: Sleeping          ||     3
 Armour: Leather armour    ||     9
  Dodge: Dodged            ||    40

Table legend: (Time is in decaauts)
 A = Elapsed time spent in this place.
 B = Non-inter-level travel time spent in this place.
 C = Inter-level travel time spent in this place.
 D = Time resting spent in this place.
 E = Time spent auto-exploring this place.
 F = Levels seen in this place.
 G = Mean time per level.
                   A        B        C        D        E       F      G
               +--------+--------+--------+--------+--------+-----+--------+
         Total |   1205 |   1184 |     21 |      0 |   1030 |   2 |  602.5 |
       Dungeon |   1205 |   1184 |     21 |      0 |   1030 |   2 |  602.5 |
               +--------+--------+--------+--------+--------+-----+--------+

Top non-repeatable levels by time:
     D:1: 983 daAuts
     D:2: 222 daAuts
